 Dungeon Crawl Stone Soup version 0.31-a0-1074-g0b22e4e0f1 (webtiles) character file.

Game seed: 9041162629063340741

126 Fodor the Trooper (level 4, 0/41 HPs)
             Began as a Minotaur Fighter on Dec 1, 2023.
             Killed by nerve-wracking pain
             ... invoked by an orc priest
              (14 damage)
             ... on level 3 of the Dungeon.
             The game lasted 00:08:34 (1244 turns).

Fodor the Trooper (Minotaur Fighter)                Turns: 1244, Time: 00:08:35

Health: 0/41       AC: 10    Str: 23    XL:     4   Next: 84%
Magic:  3/3        EV:  8    Int:  5    God:
Gold:   117        SH:  4    Dex:  9    Spells: 3/3 levels left

rFire   + . .        a - +0 war axe
rCold   x . .        c - +0 buckler
rNeg    . . .        h - +0 chain mail
rPois   .            (helmet restricted)
rElec   .            e - +0 cloak
rCorr   .            (no gloves)
SInv    .            (no boots)
Will    .....        j - amulet of regeneration Stlth
                     m - ring of fire
HPRegen 1.06/turn    (no ring)
MPRegen 0.08/turn

%: no passive effects
@: no status effects
A: horns 2, retaliatory headbutt
a: no special abilities


You were on level 3 of the Dungeon.
You visited 1 branch of the dungeon, and saw 3 of its levels.

You collected 117 gold pieces.

Inventory:

Hand Weapons
 a - a +0 war axe (weapon)
Armour
 c - a +0 buckler (worn)
 e - a +0 cloak (worn)
 h - a +0 chain mail (worn)
Jewellery
 i - an amulet of faith
 j - an amulet of regeneration (around neck)
 m - a ring of fire (left hand)
Scrolls
 f - 9 scrolls of identify {unknown}
 l - a scroll of amnesia {unknown}
 n - a scroll of enchant weapon {unknown}
Potions
 b - a potion of heal wounds {unknown}
 d - 2 potions of might
 g - a potion of mutation {unknown}
 k - a potion of curing {unknown}


   Skills:
 + Level 4.7 Fighting
 + Level 4.3 Axes
 + Level 4.1 Armour
 + Level 4.3 Shields


You had 3 spell levels left.
You didn't know any spells.
Your spell library was empty.

Dungeon Overview and Level Annotations

Branches:
Dungeon (3/15)

Altars:
Ashenzari

Annotations:
D:3 Natasha


Innate Abilities, Weirdness & Mutations

You have a pair of horns on your head.
You reflexively headbutt those who attack you in melee.


Message History

The orc priest is lightly wounded.
You hit the orc priest. You barely miss the orc. You slash the orc!
You kill the orc!
The orc priest hits you with a +0 war axe.
You block the orc's attack.
The orc priest hits you with a +0 short sword.
You slash the orc priest! Your headbutt misses the orc priest.
The orc priest is heavily wounded.
You hit the orc priest but do no damage.
You hit the orc.
The orc priest hits you with a +0 war axe.
The orc hits you but does no damage.
The orc priest calls down the wrath of Beogh upon you.
Pain shoots through your body!
You slash the orc priest!
You kill the orc priest!
You barely miss the orc priest. You slash the orc!
You kill the orc!
The orc priest hits you with a +0 war axe. x2
Your Axes skill increases to level 4!
The bat is caught in a web!
The bat struggles to get unstuck from the web.
The orc priest hits you with a +0 war axe.
* * * LOW HITPOINT WARNING * * *
Things that are here:
a +0 short sword; a +0 leather armour; an orc corpse The bat pulls away from the web.
You block the orc priest's attack.
You slash the orc priest!
The orc priest is heavily wounded.
The bat hits you but does no damage.
The orc priest begins to cast a cantrip, but forgets the words!
You barely miss the orc priest.
The orc priest is heavily wounded.
The bat barely misses you. You furiously retaliate!
You headbutt the bat. The orc priest closely misses you.
You barely miss the orc priest.
The orc priest is heavily wounded.
The orc priest invokes the aid of Beogh against you.
Pain shoots through your body!
You die...

... ####..# ...
#....## #.# #.#### .
#.###.# .... #.##..#
#...###########....##
..............#.†####
#....).....#.....#
PP..#....@b......##.#
# #.#P.o).....####.#
.P#P#.)........##.#
###.#.#)$..>.......#
#.#.#.........####
..^..^.........#
...............#
###............##
...............###


You could see an orc priest and a bat.

Vanquished Creatures
  An orc priest (D:3)
  2 adders (D:2)
  2 gnolls (D:1)
  2 worms (D:2)
  A dart slug (D:1)
  3 orcs (D:3)
  2 bats (D:1)
  3 endoplasms
  A giant cockroach (D:1)
  2 hobgoblins
  3 jackals (D:1)
  8 kobolds
  2 quokkas (D:2)
  3 ball pythons
  2 frilled lizards
  5 goblins
  7 rats
49 creatures vanquished.

Notes
Turn   | Place    | Note
-------+----------+-------------------------------------------
     0 | D:1      | Fodor the Minotaur Fighter began the quest for the Orb.
     0 | D:1      | Reached XP level 1. HP: 19/19 MP: 0/0
   138 | D:1      | Reached XP level 2. HP: 26/27 MP: 1/1
   364 | D:1      | Reached XP level 3. HP: 33/33 MP: 2/2
   895 | D:2      | Reached XP level 4. HP: 41/41 MP: 3/3
  1190 | D:3      | Found a broken altar of Ashenzari.
  1198 | D:3      | Noticed Natasha
  1244 | D:3      | Killed from afar by an orc priest

Illustrated notes

Levels and vault maps discovered:
D:1:      erik_arrival_cave_to_civilisation [erik_arrival_cave_to_hall],
          layout_loops_ring, serial_bayou_pond_d, hangedman_abyss_or_decor_stabs
D:2:      layout_rooms, minmay_misc_feat_tiny
D:3:      layout_basic, mainiacjoe_overflow_boulevard,
          eat_drink_and_be_merry_uskayaw, general_overflow_altar,
          nicolae_ashenzari_skybound, shapermc_ecumenical_altar_rom_forum,
          uniq_natasha

Skill      XL: |  1  2  3  4 |
---------------+-------------+-----
Fighting       | 4 |  4.7
Shields        | 4 |  4.3
Axes           | 3 4 |  4.3
Armour         | 4 |  4.1

Action                     |  1- 3 |  4- 6 || total
---------------------------+-------+-------++-------
  Melee: War axe           |    72 |    24 ||    96
         Headbutt          |    11 |     5 ||    16
 Armour: Scale mail        |    17 |       ||    17
         Chain mail        |    46 |    28 ||    74
  Dodge: Dodged            |    30 |    12 ||    42
  Block: Buckler           |    20 |     4 ||    24

Table legend: (Time is in decaauts)
 A = Elapsed time spent in this place.
 B = Non-inter-level travel time spent in this place.
 C = Inter-level travel time spent in this place.
 D = Time resting spent in this place.
 E = Time spent auto-exploring this place.
 F = Levels seen in this place.
 G = Mean time per level.
                   A        B        C        D        E       F      G
               +--------+--------+--------+--------+--------+-----+--------+
         Total |   1277 |   1267 |     10 |      0 |      0 |   3 |  425.7 |
       Dungeon |   1277 |   1267 |     10 |      0 |      0 |   3 |  425.7 |
               +--------+--------+--------+--------+--------+-----+--------+

Top non-repeatable levels by time:
     D:1: 715 daAuts
     D:2: 422 daAuts
     D:3: 139 daAuts
